1715 views
Uploaded 2023-08-08 23:45:14
Game version 1.36 (6115)
18:07 long 1on1 ladder game on (2)NorthernIsles_S2
Saved by GIGA
1715 views
Uploaded 2023-08-08 23:45:14
Game version 1.36 (6115)
18:07 long 1on1 ladder game on (2)NorthernIsles_S2

35 units @ 4.2k
/ 0.3k
15 buildings @ 2.4k
/ 1k

| Orb of Venom | 1 | 325 |
| Scroll of Town Portal | 1 | 350 |
| total: | 2 | 675g |
| Wisp | 11 | 660 | / | 0 |
| Archer | 14 | 1820 | / | 140 |
| Hippogryph | 8 | 1280 | / | 160 |
| Huntress | 2 | 390 | / | 40 |
| total: | 35 | 4150g | / | 340w |
| Ancient Protector | 2 | 270 | / | 160 |
| Altar of Elders | 1 | 180 | / | 50 |
| Moon Well | 6 | 1080 | / | 240 |
| Ancient of War | 2 | 300 | / | 120 |
| Hunter's Hall | 1 | 210 | / | 100 |
| Ancient of Wonders | 1 | 90 | / | 30 |
| Ancient of Wind | 2 | 300 | / | 280 |
| Tree of Ages | 1 | 320 | / | 180 |
| Tree of Eternity | 1 | 330 | / | 200 |
| total: | 15 | 2430g | / | 980w |
| 0:02 | Wisp |
| 0:02 | Wisp |
| 0:03 | Wisp |
| 0:03 | Wisp |
| 0:03 | Wisp |
| 0:03 | Wisp |
| 0:03 | Wisp |
| 0:20 | Altar of Elders |
| 0:33 | Moon Well |
| 1:01 | Ancient of War |
| 1:44 | Moon Well |
| 1:45 | Wisp |
| 1:45 | Wisp |
| 2:03 | Archer |
| 2:28 | Mana Burn |
| 2:43 | Moon Well |
| 2:54 | Archer |
| 2:54 | Archer |
| 2:55 | Tree of Ages |
| 3:43 | Moon Well |
| 3:48 | Archer |
| 3:48 | Archer |
| 3:49 | Archer |
| 4:07 | Evasion |
| 4:40 | Moon Well |
| 5:58 | Archer |
| 5:58 | Archer |
| 6:02 | Hunter's Hall |
| 6:21 | Ancient of Wind |
| 6:26 | Ancient of Wind |
| 6:29 | Nature's Blessing |
| 6:34 | Mana Burn |
| 7:29 | Strength of the Moon |
| 7:30 | Ultravision |
| 7:40 | Hippogryph |
| 7:40 | Hippogryph |
| 7:41 | Hippogryph |
| 7:42 | Hippogryph |
| 8:36 | Evasion |
| 9:04 | Hippogryph |
| 9:04 | Hippogryph |
| 9:05 | Hippogryph |
| 9:05 | Hippogryph |
| 9:07 | Tree of Eternity |
| 9:12 | Ancient Protector |
| 9:16 | Ancient Protector |
| 9:19 | Improved Strength of the Moon |
| 11:19 | Ancient of Wonders |
| 11:23 | Moon Armor |
| 11:31 | Marksmanship |
| 11:37 | Wisp |
| 11:37 | Wisp |
| 12:32 | Mana Burn |
| 12:39 | Improved Moon Armor |
| 12:42 | Scroll of Town Portal |
| 12:42 | Orb of Venom |
| 13:40 | Ancient of War |
| 13:48 | Moon Well |
| 14:28 | Improved Bows |
| 14:52 | Archer |
| 14:52 | Archer |
| 16:12 | Advanced Strength of the Moon |
| 16:21 | Archer |
| 16:21 | Archer |
| 16:23 | Huntress |
| 16:23 | Archer |
| 16:25 | Huntress |
| 16:27 | Archer |
| Right click | 819 |
| Select group | 291 |
| Select | 151 |
| Build/train/purchase | 57 |
| Use ability | 17 |
| Assign group | 7 |
| Misc. action | 3 |
| Item give/drop | 3 |
| Remove unit | 2 |
43 units @ 5.8k
/ 0.7k
17 buildings @ 2.8k
/ 1.3k


x1)
| Healing Salve | 3 | 300 |
| Orb of Lightning | 1 | 375 |
| Scroll of Healing | 2 | 500 |
| Potion of Lesser Invulnerability | 1 | 150 |
| Tome of Retraining | 1 | 300 |
| total: | 8 | 1625g |
| Peon | 14 | 1050 | / | 0 |
| Grunt | 8 | 1600 | / | 0 |
| Shaman | 3 | 390 | / | 60 |
| Troll Headhunter | 6 | 840 | / | 120 |
| Troll Batrider | 12 | 1920 | / | 480 |
| total: | 43 | 5800g | / | 660w |
| Watch Tower | 4 | 440 | / | 320 |
| Altar of Storms | 1 | 180 | / | 50 |
| Orc Burrow | 5 | 800 | / | 200 |
| Barracks | 1 | 180 | / | 50 |
| Voodoo Lounge | 1 | 130 | / | 30 |
| War Mill | 1 | 205 | / | 0 |
| Great Hall | 1 | 385 | / | 185 |
| Spirit Lodge | 1 | 150 | / | 150 |
| Beastiary | 2 | 290 | / | 280 |
| Stronghold | 1 | 315 | / | 190 |
| Fortress | 1 | 325 | / | 190 |
| total: | 17 | 2760g | / | 1265w |
| 0:02 | Peon |
| 0:02 | Peon |
| 0:05 | Altar of Storms |
| 0:11 | Orc Burrow |
| 0:31 | Peon |
| 0:38 | Barracks |
| 0:48 | Peon |
| 1:14 | Peon |
| 1:14 | Peon |
| 1:29 | Peon |
| 1:39 | Grunt |
| 2:08 | Stronghold |
| 2:17 | Wind Walk |
| 2:25 | Voodoo Lounge |
| 2:40 | Orc Burrow |
| 3:26 | Critical Strike |
| 3:31 | Grunt |
| 3:31 | Grunt |
| 3:32 | Grunt |
| 4:15 | War Mill |
| 4:18 | Grunt |
| 4:21 | Healing Salve |
| 4:49 | Orc Burrow |
| 5:19 | Great Hall |
| 5:28 | Watch Tower |
| 5:30 | Watch Tower |
| 5:46 | Wind Walk |
| 5:57 | Grunt |
| 6:01 | Peon |
| 6:03 | Peon |
| 6:06 | Orc Burrow |
| 6:58 | Spirit Lodge |
| 7:42 | Peon |
| 7:42 | Peon |
| 7:50 | Reinforced Defenses |
| 7:51 | Peon |
| 7:51 | Peon |
| 7:58 | Healing Salve |
| 8:03 | Healing Salve |
| 8:21 | Orc Burrow |
| 8:34 | Shaman |
| 8:34 | Shaman |
| 8:38 | Healing Wave |
| 9:19 | Hex |
| 9:25 | Critical Strike |
| 9:35 | Fortress |
| 9:39 | Berserker Strength |
| 9:39 | Grunt |
| 9:40 | Grunt |
| 9:43 | Shaman |
| 10:07 | Scroll of Healing |
| 10:08 | Scroll of Healing |
| 10:16 | Potion of Lesser Invulnerability |
| 10:33 | Beastiary |
| 10:51 | Pillage |
| 11:18 | Watch Tower |
| 11:20 | Watch Tower |
| 11:25 | Troll Headhunter |
| 11:25 | Troll Headhunter |
| 11:45 | Troll Batrider |
| 11:45 | Troll Batrider |
| 12:02 | Orb of Lightning |
| 12:13 | Troll Headhunter |
| 12:13 | Troll Headhunter |
| 12:44 | Troll Batrider |
| 12:45 | Troll Batrider |
| 13:25 | Troll Headhunter |
| 13:25 | Troll Headhunter |
| 13:25 | Berserker Upgrade |
| 14:30 | Troll Batrider |
| 14:31 | Troll Batrider |
| 14:31 | Troll Batrider |
| 14:31 | Troll Batrider |
| 14:41 | Tome of Retraining |
| 14:41 | Retrain Hero |
| 14:44 | Serpent Ward |
| 14:44 | Serpent Ward |
| 14:45 | Healing Wave |
| 16:02 | Peon |
| 16:08 | Critical Strike |
| 16:12 | Troll Batrider |
| 16:12 | Troll Batrider |
| 16:12 | Troll Batrider |
| 16:13 | Troll Batrider |
| 16:14 | Liquid Fire |
| 16:18 | Beastiary |
| 16:56 | Healing Wave |
| Right click | 711 |
| Select | 337 |
| Select group | 254 |
| Build/train/purchase | 93 |
| Use ability | 53 |
| Misc. action | 39 |
| Assign group | 35 |
| Item give/drop | 4 |
| Esc | 3 |